 Dungeon Crawl Stone Soup version 0.20.1-1-g8b1a95d (webtiles) character file.

46901 Peloso the Peltast (level 14, -8/125 HPs)
             Began as a Minotaur Fighter on July 9, 2017.
             Was the Champion of Okawaru.
             Mangled by Kirke (16 damage)
             ... on level 11 of the Dungeon.
             The game lasted 00:53:55 (23900 turns).

Peloso the Peltast (Minotaur Fighter)              Turns: 23900, Time: 00:53:56

Health: -8/125     AC:  0    Str: 24    XL:     14   Next: 6%
Magic:  14/14      EV: 16    Int:  5    God:    Okawaru [******]
Gold:   1245       SH:  0    Dex: 12    Spells: 13/13 levels left

rFire    . . .     SeeInvis .   (weapon currently unavailable)
rCold    . . .     Gourm    .   (shield currently unavailable)
rNeg     . . .     Faith    .   (armour currently unavailable)
rPois    .         Spirit   .   (helmet currently unavailable)
rElec    .         Reflect  .   (cloak currently unavailable)
rCorr    .         Harm     .   (gloves currently unavailable)
MR       +....                  (boots currently unavailable)
Stlth    ++........             (no amulet)
Regen    0.3/turn               (ring currently unavailable)
MPRegen  0.2/turn               (ring currently unavailable)

@: about to teleport, pig-form, slowed
A: (retaliatory headbutt)
a: Heroism, Finesse, Renounce Religion


You were on level 11 of the Dungeon.
You worshipped Okawaru.
Okawaru was exalted by your worship.
You were not hungry.
You were a filthy swine.
You visited 3 branches of the dungeon, and saw 18 of its levels.

You collected 1245 gold pieces.

Inventory:

Hand Weapons
 a - a +4 long sword
 B - a +3 scimitar of slicing (melded)
 I - a +2 hand axe of flaming
Armour
 c - a +0 shield (melded)
 g - the +0 cloak of Indecent Exposure {rElec Int+7 Dex-2 SInv}
   (You found it on level 11 of the Dungeon)

   It affects your intelligence (+7).
   It affects your dexterity (-2).
   It insulates you from electricity.
   It lets you see invisible.
 l - a +0 pair of boots (melded)
 x - a scarf of cloud immunity (melded)
 H - a +1 plate armour
 J - the +1 hat of Polytheism (melded) {+Blink +Fly rN+}
   (Okawaru gifted it to you on level 2 of the Lair of Beasts)

   It protects you from negative energy.
   It lets you fly.
   It lets you blink.
 O - the +8 chain mail of Huruhuat (melded) {rPois rC+ Regen+ Int-3}
   (You found it on level 5 of the Lair of Beasts)

   It affects your intelligence (-3).
   It protects you from cold.
   It protects you from poison.
   It increases your rate of regeneration.
 S - a +0 hat of see invisible
Jewellery
 v - a +4 ring of protection (melded)
 K - an uncursed ring of ice
Scrolls
 e - 8 scrolls of identify
 m - 2 scrolls of teleportation
 n - a scroll of fear
 p - 6 scrolls of remove curse
 q - 2 scrolls of blinking
Potions
 b - 2 potions of invisibility
 j - 3 potions of resistance
 o - 7 potions of curing
 s - 4 potions of flight
 t - 2 potions of agility
 u - 4 potions of haste
 E - a potion of berserk rage
 N - a potion of might
Comestibles
 f - 10 bread rations
 h - 5 meat rations
 D - a fruit
 G - 19 royal jellies


   Skills:
 + Level 11.9 Fighting
 + Level 15.1 Long Blades
 + Level 4.2 Axes
 + Level 13.5 Armour
 + Level 4.5 Dodging
 + Level 2.4 Stealth
 + Level 15.3 Shields
 + Level 2.1 Invocations
 + Level 1.7 Evocations


You had 13 spell levels left.
You didn't know any spells.

Dungeon Overview and Level Annotations

Branches:
Dungeon (12/15)            Temple (1/1) D:5            Lair (5/6) D:9
  Swamp (0/4) Lair:3        Snake (0/4) Lair:4        Slime (0/5) Lair:5
    Orc (0/2) D:9

Altars:
Ashenzari
Cheibriados
Dithmenos
Elyvilon
Fedhas
Gozag
Hepliaklqana
Makhleb
Nemelex Xobeh
Okawaru
Qazlal
Ru
Sif Muna
Trog
Uskayaw
Vehumet
Xom
Zin
The Shining One
Jiyva

Annotations:
D:11 Kirke


Innate Abilities, Weirdness & Mutations

((You reflexively headbutt those who attack you in melee.))
((You have a pair of horns on your head.))


Message History

The blast of flame hits you!
Unknown command.
You hear some strange, mumbled words.
You feel a momentary urge to oink.
You feel like a meek peon again. The sphinx hits you!!
* * * LOW HITPOINT WARNING * * *
The sphinx barely misses you. The sphinx misses you.
As you read the scroll of teleportation, it crumbles to dust.
You feel strangely unstable. The sphinx hits you!
* * * LOW HITPOINT WARNING * * *
The sphinx hits you.
* * * LOW HITPOINT WARNING * * *
The sphinx hits you.
* * * LOW HITPOINT WARNING * * *
The lindwurm bites you.
* * * LOW HITPOINT WARNING * * *
The lindwurm closely misses you. The lindwurm barely misses you.
Something hits you!
You die...

# #..# #..###......##.# #.# #
#..# #..# #.........# #.# # #..#
#..# #......#..# #.# # #..# #..#
#..#...#..# #.# # #..#####..#
#..#...#..####.# # #.........#
#..#...#.......## #####.........#
#..#...#.........
..............###..#...#..####...
................h..#...#..# #...
.####..........Hk..#...#..# #.##
.# #..............#...#..# #.##
.# #..........##..#...#..# #.##
.# #..........##..#...#..# #.##
.# #..........##..#...#..# #.##
.# #.........รท##..#...#..# #.##
.# #......><..##..#...#..# #.##
.# #..........##..#...#..# #.##


You could see a sphinx and a lindwurm.

Vanquished Creatures
  Rupert (Lair:5)
  Snorg (Lair:3)
  Erolcha (D:11)
  6 hydras
  The ghost of TheTruth the Cruncher, a journeyman HuBe of Trog (D:10)
  3 two-headed ogres
  Urug (Lair:2)
  Sonja (Lair:2)
  Nergalle (D:11)
  2 unseen horrors
  6 elephants (Lair:4)
  4 black mambas
  9 rime drakes
  10 komodo dragons
  9 spiny frogs
  A queen bee (Lair:5)
  A polar bear (Lair:4)
  4 trolls
  Grinder (D:5)
  2 meliai (Lair:5)
  2 hornets (Lair:5)
  6 dream sheep (Lair:5)
  12 hippogriffs
  2 wraiths (D:10)
  Sigmund (D:3)
  17 yaks
  A wyvern (D:9)
  7 hogs
  2 basilisks
  6 steam dragons
  2 insubstantial wisps (D:8)
  A naga (Lair:4)
  An acid dragon (Lair:3)
  5 water moccasins
  17 porcupines
  8 sky beasts
  6 orc warriors
  2 black bears
  A phantom (D:7)
  A necrophage (D:10)
  9 centaurs
  3 ogres
  15 crocodiles
  15 wolves
  2 big kobolds
  21 bullfrogs
  4 scorpions
  26 killer bees
  6 electric eels (Lair:3)
  2 howler monkeys
  4 crimson imps
  3 bullfrog zombies
  6 jellies
  2 bullfrog skeletons
  6 orc priests
  7 hounds
  6 iguanas
  9 orc wizards
  4 hell rats (Lair:4)
  7 worker ants
  A killer bee zombie (D:7)
  A hound zombie (D:10)
  A howler monkey zombie (D:11)
  Robin (D:2)
  6 gnolls
  10 adders
  3 shadow imps
  5 oozes (D:8)
  An adder skeleton (D:9)
  An adder zombie (D:6)
  3 worms
  2 dart slugs (D:2)
  6 leopard geckos
  45 orcs
  5 giant cockroaches
  14 goblins
  8 hobgoblins
  18 jackals
  18 kobolds
  A quokka (D:7)
  A ball python (D:3)
  9 bats
  5 frilled lizards
  A giant cockroach zombie (D:7)
  A jackal skeleton (D:7)
  A leopard gecko skeleton (D:5)
  A quokka skeleton (D:4)
  13 rats
504 creatures vanquished.

Vanquished Creatures (others)
  A rime drake (Lair:3)
  A steam dragon (D:8)
  A goblin (D:2)
  2 jackals (D:8)
  6 fungi
  12 plants
23 creatures vanquished.

Grand Total: 527 creatures vanquished

Notes
Turn   | Place    | Note
-------+----------+-------------------------------------------
     0 | D:1      | Peloso the Minotaur Fighter began the quest for the Orb.
     0 | D:1      | Reached XP level 1. HP: 19/19 MP: 0/0
   102 | D:1      | You fall through a shaft!
   148 | D:2      | Found a snail-covered altar of Cheibriados.
   481 | D:2      | Reached XP level 2. HP: 27/27 MP: 1/1
   547 | D:2      | Noticed Robin
   576 | D:2      | Killed Robin
   576 | D:2      | Reached XP level 3. HP: 13/33 MP: 2/2
  1170 | D:2      | Reached XP level 4. HP: 41/41 MP: 3/3
  2564 | D:3      | Noticed Sigmund
  2574 | D:3      | Killed Sigmund
  2574 | D:3      | Reached skill level 1 in Dodging
  2574 | D:3      | Reached XP level 5. HP: 47/47 MP: 4/4
  2574 | D:3      | Reached XP level 6. HP: 55/55 MP: 5/5
  3273 | D:4      | Reached skill level 5 in Armour
  3289 | D:4      | Reached skill level 5 in Shields
  3296 | D:4      | Reached skill level 5 in Long Blades
  3624 | D:4      | Reached XP level 7. HP: 44/60 MP: 6/6
  3791 | D:4      | Reached skill level 5 in Fighting
  4268 | D:5      | Entered Level 5 of the Dungeon
  4429 | D:5      | Reached skill level 1 in Stealth
  4760 | D:5      | Found a hazy altar of Hepliaklqana.
  4991 | D:5      | Found a staircase to the Ecumenical Temple.
  4997 | Temple   | Entered the Ecumenical Temple
  5141 | Temple   | Became a worshipper of Warmaster Okawaru
  5176 | D:5      | Noticed Grinder
  5198 | D:5      | Killed Grinder
  5198 | D:5      | Reached XP level 8. HP: 25/68 MP: 7/7
  5578 | D:5      | Found a burning altar of Makhleb.
  5578 | D:5      | Found a shimmering altar of Xom.
  5799 | D:5      | Reached * piety under Okawaru
  5892 | D:6      | Found a stormy altar of Qazlal.
  5893 | D:6      | Found a glowing silver altar of Zin.
  7130 | D:7      | You fall through a shaft!
  7130 | D:8      | Noticed a two-headed ogre
  7133 | D:8      | Killed a two-headed ogre
  7133 | D:8      | Reached ** piety under Okawaru
  7133 | D:8      | Reached XP level 9. HP: 75/75 MP: 8/8
  7374 | D:8      | Reached skill level 10 in Long Blades
  7605 | D:8      | Reached *** piety under Okawaru
  7882 | D:7      | Found a bloodstained altar of Trog.
  7882 | D:7      | Found a radiant altar of Vehumet.
  7884 | D:7      | Found a sparkling altar of Nemelex Xobeh.
  8762 | D:8      | Reached XP level 10. HP: 84/84 MP: 9/9
  9208 | D:9      | Found a hide-covered altar of Uskayaw.
  9425 | D:9      | Noticed a two-headed ogre
  9436 | D:9      | Killed a two-headed ogre
  9436 | D:9      | Reached **** piety under Okawaru
  9471 | D:9      | Reached skill level 10 in Shields
  9737 | D:9      | Found a staircase to the Lair.
  9971 | D:9      | Reached skill level 1 in Invocations
 10156 | D:9      | Found a staircase to the Orcish Mines.
 10387 | D:10     | Entered Level 10 of the Dungeon
 10441 | D:10     | Reached ***** piety under Okawaru
 10607 | D:10     | Noticed a two-headed ogre
 10619 | D:10     | Killed a two-headed ogre
 10639 | D:10     | Noticed TheTruth's ghost (journeyman HuBe)
 10764 | D:10     | HP: 1/88 [TheTruth's ghost (17)]
 10769 | D:10     | Killed TheTruth's ghost
 10769 | D:10     | Reached XP level 11. HP: 40/93 MP: 7/11
 11055 | D:10     | Received a gift from Okawaru
 11222 | D:10     | Killed an unseen horror
 11222 | D:10     | Reached skill level 10 in Armour
 11662 | D:10     | Found an opulent altar of Gozag.
 12233 | Lair:1   | Entered Level 1 of the Lair of Beasts
 14295 | Lair:1   | Noticed a four-headed hydra
 14305 | Lair:1   | Killed a one-headed hydra
 14454 | Lair:1   | Reached ****** piety under Okawaru
 14504 | Lair:2   | Reached XP level 12. HP: 99/105 MP: 12/12
 14848 | Lair:2   | Received a gift from Okawaru
 14856 | Lair:2   | Got a smoking hat {god gift}
 14862 | Lair:2   | Identified the +1 hat of Polytheism {+Blink +Fly rN+} (Okawaru gifted it to you on level 2 of the Lair of Beasts)
 14865 | Lair:2   | Noticed Urug
 14878 | Lair:2   | Killed Urug
 14999 | Lair:2   | Noticed Sonja
 15004 | Lair:2   | Killed Sonja
 15010 | Lair:2   | Reached skill level 10 in Fighting
 15635 | Lair:3   | Noticed Snorg
 15654 | Lair:3   | Killed Snorg
 15654 | Lair:3   | Reached skill level 1 in Evocations
 16405 | Lair:3   | Found a staircase to the Swamp.
 17125 | Lair:3   | HP: 1/107 [electric eel/bolt of electricity (6)]
 18492 | Lair:4   | Found a staircase to the Snake Pit.
 18500 | Lair:4   | Received a gift from Okawaru
 18889 | Lair:4   | Got an encrusted battleaxe
 18890 | Lair:4   | Identified the +8 battleaxe "Jioc" {holy, Str+4 Int-5} (You found it on level 4 of the Lair of Beasts)
 18949 | Lair:4   | Reached XP level 13. HP: 110/114 MP: 13/13
 19173 | Lair:4   | Received a gift from Okawaru
 19398 | Lair:4   | Identified a scroll of acquirement
 19439 | Lair:5   | Reached skill level 1 in Axes
 19890 | Lair:5   | Found a viscous altar of Jiyva.
 19890 | Lair:5   | Found a staircase to the Slime Pits.
 20515 | Lair:5   | Got a scintillating amber ring
 20517 | Lair:5   | Identified the ring of Koaf {*Tele +Inv rElec Str-4 Int+2} (You found it on level 5 of the Lair of Beasts)
 21091 | Lair:5   | Got a scorched chain mail
 21214 | Lair:5   | Identified the +8 chain mail of Huruhuat {rPois rC+ Regen+ Int-3} (You found it on level 5 of the Lair of Beasts)
 21350 | Lair:5   | Noticed Rupert
 21358 | Lair:5   | Paralysed by Rupert for 4 turns
 21375 | Lair:5   | Killed Rupert
 21443 | Lair:5   | Reached skill level 15 in Long Blades
 21594 | Lair:5   | Received a gift from Okawaru
 22058 | Lair:4   | Reached skill level 15 in Shields
 22417 | D:11     | Noticed Erolcha
 22452 | D:11     | Killed Erolcha
 22585 | D:11     | Noticed Nergalle
 22615 | D:10     | Reached XP level 14. HP: 125/125 MP: 14/14
 22658 | D:11     | Killed Nergalle
 22976 | D:11     | Got a smoking cloak
 22987 | D:11     | Identified the +0 cloak of Indecent Exposure {rElec Int+7 Dex-2 SInv} (You found it on level 11 of the Dungeon)
 23160 | D:11     | Found a shadowy altar of Dithmenos.
 23435 | D:12     | Noticed Kirke
 23884 | D:11     | Noticed a sphinx
 23900 | D:11     | Mangled by Kirke

Skill      XL: |  1  2  3  4  5  6  7  8  9 10 11 12 13 |
---------------+----------------------------------------+-----
Fighting       | 4 5 6 7 9 10 11 | 11.9
Shields        | 4 5 6 8 9 10 12 13 15 | 15.3
Armour         | 4 5 7 8 9 10 12 13 | 13.5
Long Blades    | 3 4 5 7 9 10 12 13 14 15 | 15.1
Dodging        | 1 2 3 4 |  4.5
Stealth        | 1 2 |  2.4
Invocations    | 1 2 |  2.1
Evocations     | 1 |  1.7
Axes           | 4 |  4.2

Action                   |  1- 3 |  4- 6 |  7- 9 | 10-12 | 13-15 || total
-------------------------+-------+-------+-------+-------+-------++-------
Melee: Long sword        |    87 |   157 |   449 |   868 |       ||  1561
       Headbutt          |    14 |    31 |    79 |   220 |   127 ||   471
       Hand axe          |       |       |       |     6 |    52 ||    58
       Scimitar          |       |       |       |    27 |   422 ||   449
       Unarmed           |       |       |       |       |     4 ||     4
Invok: Heroism           |       |       |     1 |    10 |     5 ||    16
Evoke: Wand              |       |       |       |    16 |       ||    16
  Use: Scroll            |       |     2 |     8 |    17 |     4 ||    31
       Potion            |       |       |     2 |     6 |     3 ||    11
  Eat: Chunk             |       |     9 |    10 |    32 |    15 ||    66
       Bread ration      |       |       |     1 |       |       ||     1
       Fruit             |       |       |     1 |     3 |     1 ||     5
Armor: Scale mail        |    42 |    69 |     3 |       |       ||   114
       Chain mail        |       |       |   177 |       |   146 ||   323
       Plate armour      |       |       |    17 |   382 |   150 ||   549
Dodge: Dodged            |    33 |    42 |    87 |   217 |   213 ||   592
Block: Shield            |    52 |    83 |   217 |   495 |   463 ||  1310
       Rpst.: Long sword |     7 |     9 |    25 |    54 |       ||    95
       Scimitar          |       |       |       |     3 |    40 ||    43
